 Dungeon Crawl Stone Soup version 0.28-b1-1-g3c77fb2 (webtiles) character file.

Game seed: 462677468272179509

16790 BALLS the Fighter (level 12, 0/74 HPs)
             Began as a Vine Stalker Fighter on Jan 28, 2022.
             Was a High Priest of Okawaru.
             Slain by a catoblepas (14 damage)
             ... on level 3 of the Lair of Beasts.
             The game lasted 00:24:09 (11622 turns).

BALLS the Fighter (Vine Stalker Fighter)           Turns: 11622, Time: 00:24:10

Health: 0/74       AC: 14    Str: 23    XL:     12   Next: 41%
Magic:  0/16       EV:  9    Int:  8    God:    Okawaru [*****.]
Gold:   842        SH: 10    Dex: 15    Spells: 11/11 levels left

rFire   . . .      SeeInvis .   a - +0 long sword
rCold   . . .      Faith    .   c - +0 buckler
rNeg    . . .      Spirit   +   G - +3 scale mail of Beyond {rElec}
rPois   .          Reflect  +   p - +2 hat
rElec   +          Harm     .   e - scarf {shadows}
rCorr   .          Rampage  .   I - +0 pair of gloves
Will    +....                   v - +0 pair of boots
Stlth   ..........              H - amulet of reflection
HPRegen 1.02/turn               (no ring)
MPRegen 0.15/turn               (no ring)

@: no status effects
A: fangs 3, regeneration 1, magic shield, antimagic bite, no potion heal 2
a: Renounce Religion, Heroism, Finesse, Duel


You were on level 3 of the Lair of Beasts.
You worshipped Okawaru.
Okawaru was extremely pleased with you.
You visited 3 branches of the dungeon, and saw 13 of its levels.
You also visited: Sewer and Ossuary.

You collected 842 gold pieces.

Inventory:

Hand Weapons
 a - a +0 long sword (weapon)
Missiles
 y - 2 throwing nets (quivered)
Armour
 c - a +0 buckler (worn)
 e - a scarf of shadows (worn)
 m - the +0 cloak of Supple Strength {*Slow rPois Will++ Slay+3}
   (You found it on level 3 of the Dungeon)

   Slay:      It affects your accuracy & damage with ranged weapons and melee
   (+3).
   rPois:     It protects you from poison.
   *Slow:     It may slow you when you take damage.
   Will:      It greatly increases your willpower.
 p - a +2 hat (worn)
 v - a +0 pair of boots (worn)
 A - +0 acid dragon scales
 F - a +2 pair of gloves
 G - the +3 scale mail of Beyond (worn) {rElec}
   (You took it off an orc on level 3 of the Dungeon)

   rElec:     It insulates you from electricity.
 I - a +0 pair of gloves (worn)
Jewellery
 H - an amulet of reflection (around neck)
 J - a ring of flight
Wands
 g - a wand of iceblast (9)
 l - a wand of paralysis (10)
 B - a wand of polymorph (5)
 D - a wand of acid (7)
 L - a wand of digging (5)
Scrolls
 b - a scroll of silence {unknown}
 h - 2 scrolls of vulnerability
 j - 9 scrolls of teleportation
 k - a scroll of brand weapon
 t - 2 scrolls of fear {unknown}
 w - 2 scrolls of enchant weapon
 E - 2 scrolls of immolation
 K - a scroll of enchant armour {unknown}
Potions
 d - 4 potions of might
 f - a potion of magic {unknown}
 i - 4 potions of haste
 n - 6 potions of ambrosia
 o - 2 potions of brilliance {unknown}
 q - 2 potions of curing
 r - 2 potions of lignification {unknown}
 s - a potion of degeneration {unknown}
 u - 3 potions of flight
 x - a potion of invisibility {unknown}
 z - a potion of resistance {unknown}
 C - a potion of cancellation {unknown}


   Skills:
 + Level 13.7 Fighting
 - Level 10.0 Long Blades
 - Level 5.0 Armour
 - Level 5.0 Shields
 - Level 5.0 Invocations


You had 11 spell levels left.
You didn't know any spells.
Your spell library contained the following spells:

 Spells                   Type           Power      Damage    Failure   Level
 Static Discharge         Conj/Air       0%         N/A       90%         2
 Frozen Ramparts          Ice            0%         1d2       99%         3
 Gell's Gravitas          Tloc           0%         N/A       99%         3
 Lesser Beckoning         Tloc           0%         N/A       99%         3
 Teleport Other           Tloc           0%         N/A       99%         3
 Cause Fear               Hex            0%         N/A       100%        4
 Ice Form                 Ice/Tmut       0%         N/A       100%        4
 Lightning Bolt           Conj/Air       0%         1d11      100%        5
 Dispersal                Tloc           0%         N/A       100%        6
 Dragon Form              Tmut           0%         N/A       100%        7
 Disjunction              Tloc           0%         N/A       100%        8
 Maxwell's Capacitive Co  Air            0%         ∞         100%        8
 Summon Ice Beast         Ice/Summ       Unusable   N/A       N/A         4
 Dragon's Call            Summ           Unusable   N/A       N/A         9

Dungeon Overview and Level Annotations

Branches:
Dungeon (9/15)             Temple (1/1) D:5            Lair (3/6) D:9
  Sewer (visited)         Ossuary (visited)
  Swamp: Lair:2-4    Shoals: Lair:2-4     Snake: Lair:2-4    Spider: Lair:2-4
    Orc: D:9-12

Altars:
Ashenzari
Cheibriados
Dithmenos
Elyvilon
Fedhas
Gozag
Hepliaklqana
Kikubaaqudgha
Makhleb
Nemelex Xobeh
Okawaru
Qazlal
Ru
Sif Muna
Trog
Uskayaw
Vehumet
Wu Jian
Xom
Yredelemnul
Zin
The Shining One
Beogh

Annotations:
Lair:3 3 runed translucent doors


Innate Abilities, Weirdness & Mutations

You have razor-sharp teeth.
Your natural rate of healing is unusually fast.
When hurt, damage is shared between your health and your magic reserves.
Your bite disrupts and absorbs the magic of your enemies.
Potions cannot restore your health.


Message History

The blink frog is moving more slowly.
You slash the blink frog!
The blink frog is almost dead.
The blink frog stops moving altogether!
The blink frog blinks!
The helpless blink frog fails to defend itself.
You slash the blink frog!
You kill the blink frog!
Okawaru accepts your kill.
The blink frog blinks!
The blink frog blinks!
You slash the catoblepas!
The catoblepas is lightly wounded.
The catoblepas gores you!
You slash the catoblepas!
The catoblepas is moderately wounded.
The catoblepas gores you!!
You slash the catoblepas! You bite the catoblepas. You drain its power.
You feel invigorated.
The catoblepas is moderately wounded.
The blink frog stops moving altogether!
You block the catoblepas's attack.
You hit the catoblepas but do no damage.
The catoblepas is moderately wounded.
The catoblepas barely misses you.
You slash the catoblepas! You bite the catoblepas! You drain its power.
The catoblepas is heavily wounded.
You block the catoblepas's attack.
You hit the catoblepas but do no damage.
You bite the catoblepas. You drain its power.
The catoblepas is severely wounded.
The catoblepas gores you!!
* * * LOW HITPOINT WARNING * * *
You slash the catoblepas!
You bite the catoblepas, but do no damage.
The catoblepas is severely wounded.
The catoblepas gores you!
* * * LOW HITPOINT WARNING * * *
You hit the catoblepas but do no damage.
The catoblepas is severely wounded.
The catoblepas gores you!!
You die...

...................
....._.F...§........
....................
............†.......
............<......
.....†....F........
.....#.#.......###.
...####...Y.....##
.. ##..@....#.#### .
##.†...........
#........#####.
##.....### .#
#....###. ..
##..##... .
##..#.... #...#...#
##..+...#


You could see a catoblepas and a blink frog (petrified).

Vanquished Creatures
  A two-headed ogre (D:9)
  2 black mambas
  5 cane toads
  A queen bee (D:9)
  The ghost of valinor000 the Chopper, an amateur HOFi (D:3)
  A troll (D:9)
  A hornet (D:8)
  23 blink frogs
  A wraith (D:9)
  18 yaks
  5 steam dragons
  2 basilisks (Lair:2)
  An acid dragon (D:7)
  11 water moccasins
  A sky beast (D:7)
  2 black bears
  An ice beast (D:5)
  5 ogres
  2 centaurs
  A phantom (D:7)
  3 kobold brigands
  An elf zombie (Ossuary)
  4 bullfrogs
  A gnoll sergeant (D:6)
  A scorpion (D:4)
  A water moccasin zombie (D:6)
  A wyvern zombie (D:6)
  22 killer bees
  4 wights (D:6)
  3 electric eels
  2 howler monkeys
  3 bullfrog zombies (D:6)
  A jelly (D:6)
  A hound (D:4)
  2 human zombies (Ossuary)
  A bullfrog skeleton (D:5)
  3 centaur zombies
  3 orc priests
  2 gnoll shamans (D:4)
  4 orc wizards
  An iguana (D:5)
  A hound zombie (D:5)
  5 mummies
  A hound skeleton (D:5)
  2 howler monkey zombies
  19 gnolls
  6 adders
  A howler monkey skeleton (D:6)
  An ufetubus (D:6)
  3 adder zombies (Ossuary)
  2 worms
  A dart slug (D:2)
  27 orcs
  6 endoplasms
  11 giant cockroaches
  A gnoll zombie (Ossuary)
  7 goblins
  5 hobgoblins
  2 jackals (Sewer)
  29 kobolds
  4 quokkas
  2 ball pythons
  3 bats
  2 frilled lizards (D:2)
  3 goblin zombies
  A jackal zombie (Ossuary)
  A kobold zombie (Ossuary)
  2 orc zombies
  13 rats
310 creatures vanquished.

Vanquished Creatures (others)
  5 fungi
  4 plants
9 creatures vanquished.

Grand Total: 319 creatures vanquished

Notes
Turn   | Place    | Note
-------+----------+-------------------------------------------
     0 | D:1      | BALLS the Vine Stalker Fighter began the quest for the Orb.
     0 | D:1      | Reached XP level 1. HP: 11/11 MP: 2/2
    94 | D:1      | Reached XP level 2. HP: 13/16 MP: 1/3
   587 | D:1      | Reached XP level 3. HP: 15/19 MP: 1/4
  1449 | D:2      | Gained mutation: Your natural rate of healing is unusually
                  | fast. [Vine Stalker growth]
  1449 | D:2      | Reached XP level 4. HP: 23/23 MP: 5/5
  1523 | D:2      | Found a faded altar of an unknown god.
  1908 | D:3      | Identified the +0 cloak of Supple Strength {*Slow rPois
                  | Will++ Slay+3}
  2165 | D:3      | Found a white marble altar of Elyvilon.
  2343 | D:3      | Found a runed translucent gate.
  2343 | D:3      | Noticed valinor000's ghost (amateur HOFi)
  2345 | D:3      | Found a runed translucent gate.
  2346 | D:3      | Found a runed translucent gate.
  2348 | D:3      | Identified the +3 scale mail of Beyond {rElec}
  2417 | D:3      | Reached XP level 5. HP: 22/27 MP: 6/6
  2556 | D:3      | Found a hazy altar of Hepliaklqana.
  2557 | D:3      | Found a shimmering altar of Xom.
  2558 | D:3      | Noticed a spectral ugly thing
  2762 | D:4      | Found a radiant altar of Vehumet.
  2779 | D:4      | Reached skill level 5 in Long Blades
  2853 | D:4      | Reached XP level 6. HP: 21/32 MP: 4/7
  3348 | D:4      | Reached skill level 3 in Fighting
  3450 | D:5      | Entered Level 5 of the Dungeon
  3467 | D:5      | Reached XP level 7. HP: 37/37 MP: 8/8
  3483 | D:5      | Found an opulent altar of Gozag.
  3510 | D:4      | Reached skill level 4 in Fighting
  3563 | D:5      | Found a glowing drain.
  3592 | Sewer    | Entered a sewer
  3729 | Sewer    | Found a glowing silver altar of Zin.
  3879 | D:5      | Found a staircase to the Ecumenical Temple.
  3886 | Temple   | Entered the Ecumenical Temple
  3935 | Temple   | Became a worshipper of Warmaster Okawaru
  4118 | D:5      | Reached skill level 1 in Invocations
  4118 | D:5      | Gained mutation: You have razor-sharp teeth. [Vine Stalker
                  | growth]
  4118 | D:5      | Reached XP level 8. HP: 42/42 MP: 8/10
  4159 | D:5      | Reached * piety under Okawaru
  4170 | D:5      | Reached skill level 5 in Fighting
  4693 | D:6      | Reached skill level 5 in Invocations
  4990 | D:6      | Reached skill level 5 in Shields
  4990 | D:6      | Reached XP level 9. HP: 32/46 MP: 6/13
  4991 | D:6      | Reached ** piety under Okawaru
  5242 | D:6      | Found a basalt altar of Yredelemnul.
  5267 | D:6      | Found a stormy altar of Qazlal.
  5318 | D:6      | Found a blossoming altar of Fedhas.
  5439 | D:6      | Found a glowing silver altar of Zin.
  5849 | D:7      | Reached skill level 5 in Armour
  6154 | D:7      | Reached *** piety under Okawaru
  6740 | D:8      | Found a sand-covered staircase.
  6752 | Ossuary  | Entered an ossuary
  6801 | Ossuary  | Reached XP level 10. HP: 53/53 MP: 14/14
  6866 | Ossuary  | Reached skill level 6 in Fighting
  7206 | D:3      | Killed valinor000's ghost
  7589 | D:8      | Found a sparkling altar of Nemelex Xobeh.
  8268 | D:8      | Reached **** piety under Okawaru
  8345 | D:9      | Reached skill level 7 in Fighting
  8345 | D:9      | Reached skill level 10 in Long Blades
  8568 | D:9      | Reached skill level 8 in Fighting
  8752 | D:9      | Noticed a two-headed ogre
  8770 | D:9      | Killed a two-headed ogre
  8770 | D:9      | Reached ***** piety under Okawaru
  8771 | D:9      | Reached skill level 9 in Fighting
  8771 | D:9      | Reached XP level 11. HP: 32/62 MP: 5/15
  9053 | D:9      | Found a staircase to the Lair.
  9511 | D:9      | Reached skill level 10 in Fighting
  9602 | D:9      | Found an ornate altar of the Wu Jian Council.
  9603 | D:9      | Found a bloodstained altar of Trog.
  9671 | Lair:1   | Entered Level 1 of the Lair of Beasts
  9793 | Lair:1   | Identified the +0 ring mail of Darkness {rPois} (Okawaru
                  | gifted it to you on level 1 of the Lair of Beasts)
  9793 | Lair:1   | Received a gift from Okawaru
  9794 | Lair:1   | Reached skill level 11 in Fighting
 10493 | Lair:2   | Reached skill level 12 in Fighting
 10621 | Lair:2   | Reached XP level 12. HP: 31/72 MP: 11/16
 11073 | Lair:2   | Reached skill level 13 in Fighting
 11484 | Lair:3   | Found a runed translucent gate.
 11484 | Lair:3   | Found a runed translucent gate.
 11484 | Lair:3   | Found a runed translucent gate.
 11577 | Lair:3   | Found a hide-covered altar of Uskayaw.
 11604 | Lair:3   | Noticed a catoblepas
 11622 | Lair:3   | Slain by a catoblepas

Illustrated notes

Levels and vault maps discovered:
D:1:      dpeg_arrival_tiny_b, layout_basic, serial_bayou_pond_a,
          nicolae_figureground_sparkle
D:2:      layout_basic, ebering_ecumenical_altar_abandoned, dk_noncrumbling_3
D:3:      layout_loops_corners, regret_index_temple_of_mockery,
          elyvilon_altar_1, biasface_ghost_orc_armoury
D:4:      layout_basic, mainiacjoe_overflow_small_starburst
D:5:      layout_rooms, mainiacjoe_overflow_cross_hatched, temple_green,
          portal_sewer_entry_b, minmay_misc_feat_doors
D:6:      layout_rooms, nicolae_yredelemnul_corpse_copse,
          grunt_temple_overflow_forces_of_nature, zin_statuary,
          serial_park_tiny_2, kennysheep_diamond
D:7:      layout_loops_corners, kennysheep_big_empty_room
D:8:      nicolae_cairo_tiling, layout_loops_ring, amcnicky_altar_gilded,
          nicolae_ossuary_entry_giza
D:9:      layout_loops_corners, mainiacjoe_overflow_divided_tiny,
          lair_entry_dummy, minivault_7
Temple:   cyrus_temple_forest
Lair:1:   layout_hall_layers
Lair:2:   layout_cave_pods
Lair:3:   layout_big_grid, minmay_snake_entry_guardpost_medium,
          gammafunk_ghost_icy, basic_altar

Skill      XL: |  1  2  3  4  5  6  7  8  9 10 11 12 |
---------------+-------------------------------------+-----
Long Blades    | 2 3 4 5 6 7 8 10 | 10.0
Fighting       | 3 4 5 9 12 13 | 13.7
Invocations    | 1 5 |  5.0
Shields        | 5 |  5.0
Armour         | 5 |  5.0

Action                   |  1- 3 |  4- 6 |  7- 9 | 10-12 || total
-------------------------+-------+-------+-------+-------++-------
Melee: Long sword        |    78 |   121 |   415 |   674 ||  1288
       Bite              |    17 |    34 |   143 |   207 ||   401
Invok: Heroism           |       |       |     3 |     7 ||    10
  Use: Scroll            |       |     2 |     3 |     3 ||     8
       Potion            |       |       |       |     4 ||     4
 Stab: Petrified         |       |       |       |     1 ||     1
Armor: Scale mail        |    29 |    44 |   202 |   265 ||   540
Dodge: Dodged            |    29 |    39 |   174 |   251 ||   493
Block: Buckler           |    12 |    27 |   121 |   273 ||   433
       Reflection        |       |       |       |     2 ||     2
